Map: Shrines of Lizul

Players

LSV

  • Race: Protoss Protoss
  • Spawn Location: 3:00

wanted

  • Race: Terran Terran
  • League: Diamond
  • Spawn Location: 12:00

IceWarrez - Winner!

  • Race: Protoss Protoss
  • Spawn Location: 9:00

PureLegacy - Winner!

  • Race: Terran Terran
  • Spawn Location: 6:00

VOD

Have the link to the VOD?

Description

Time

  • Played on: Nov. 27, 2018, 1:57 p.m.
  • Length: 5:06
Show
View Real Time Build Order
Export as new Build Order

LSV Protoss 

Build Orders:  

Get SALT Encoding   

  12  0:01  Probe  
  13  0:13  Probe  
  14  0:21  Pylon  
  14  0:25  Probe  
  15  0:39  Probe  
  16  0:45  Gateway  
  16  0:50  Assimilator  
  16  0:51  Probe  
  17  1:03  Probe  
  18  1:15  Probe  
  19  1:19  Pylon  
  19  1:27  Probe  
  20  1:35  Cybernetics Core  
  20  1:39  Probe  
  21  1:52  Probe  
  20  2:04  Probe  
Show
View Real Time Build Order
Export as new Build Order

wanted Terran 

Build Orders:  

Get SALT Encoding   

  12  0:00  SCV  
  13  0:14  Supply Depot  
  13  0:18  SCV  
  14  0:30  SCV  
  15  0:38  Supply Depot  
  15  0:40  Refinery  
  15  0:51  Barracks  
  15  1:06  Barracks  
  15  1:21  Barracks  
  15  1:31  Refinery  
  15  1:38  Reaper  
  17  1:54  Reaper  
  17  2:10  Reaper  
  18  2:22  Barracks  
  18  2:24  Barracks  
  18  2:31  Reaper x2  
  18  2:36  Barracks  
  20  2:38  Orbital Command  
  20  2:39  Barracks  
  20  2:50  Reaper  
  20  3:03  Reaper x2  
  20  3:09  SCV  
  21  3:18  Reaper  
  22  3:21  SCV  
  22  3:22  Reaper  
  22  3:25  Reaper x2  
  26  3:28  Reaper  
  26  3:33  SCV  
  28  3:35  Reaper  
  29  3:42  Supply Depot  
  29  3:45  SCV  
  30  3:57  Supply Depot  
  30  4:03  Reaper  
  31  4:19  Reaper x6  
Show
View Real Time Build Order
Export as new Build Order

IceWarrez Protoss - Winner!

Build Orders: Cannon Rush 

Get SALT Encoding   

  12  0:01  Probe  
  13  0:13  Probe  
  14  0:18  Pylon  
  14  0:25  Probe  
  15  0:37  Probe  
  15  0:40  Forge  
  16  0:49  Probe  
  17  1:00  Pylon  
  17  1:02  Probe  
  18  1:15  Probe  
  19  1:28  Photon Cannon x2  
  19  1:33  Photon Cannon  
  19  1:40  Pylon  
  19  1:42  Pylon  
  19  1:51  Probe  
  20  1:58  Photon Cannon  
  20  2:01  Photon Cannon  
  20  2:04  Photon Cannon  
  20  2:08  Probe  
  21  2:11  Assimilator  
  21  2:18  Assimilator  
  21  2:23  Gateway  
  21  2:26  Probe  
  22  2:40  Pylon  
  22  2:43  Photon Cannon  
  22  2:49  Photon Cannon  
  22  2:51  Probe  
  23  3:02  Pylon  
  24  3:05  Probe  
  24  3:11  Cybernetics Core  
  24  3:24  Photon Cannon  
  24  4:01  Gateway  
  24  4:04  Gateway  
  24  4:08  Photon Cannon  
  24  4:12  Photon Cannon  
  22  4:24  Pylon  
  22  4:42  Pylon  
  22  4:52  Pylon  
  26  5:02  Stargate  
Show
View Real Time Build Order
Export as new Build Order

PureLegacy Terran - Winner!

Build Orders:  

Get SALT Encoding   

  12  0:04  SCV  
  13  0:16  SCV  
  14  0:21  Supply Depot  
  14  0:28  SCV  
  14  0:34  Refinery  
  15  0:43  SCV  
  15  0:47  Barracks  
  16  0:55  SCV  
  17  1:05  Barracks  
  17  1:18  Barracks  
  17  1:22  SCV  
  18  1:35  Reaper  
  18  1:39  Orbital Command  
  19  1:50  Refinery  
  19  1:53  Reaper  
  20  2:03  Supply Depot  
  20  2:06  Reaper  
  21  2:15  Reaper, SCV  
  23  2:25  Reaper  
  23  2:27  Supply Depot  
  24  2:38  Reaper  
  25  2:47  Reaper, SCV  
  26  3:06  Reaper  
  26  3:07  SCV  
  26  3:11  Barracks  
  26  3:12  Barracks, Reaper  
  29  3:21  Reaper  
  30  3:38  Reaper  
  30  3:40  Command Center  
  31  3:45  Reaper  
  32  3:53  Reaper  
  32  3:54  SCV  
  34  3:59  Supply Depot  
  34  4:00  Reaper  
  35  4:03  Reaper  
  35  4:06  SCV  
  37  4:10  Reaper  
  38  4:21  Reaper  
  39  4:25  Reaper  
Tags
 
Add a new tag
Caveats
  • Supply blocks, unpowered buildings, or Contaminate may cause inaccurate times.
  • Supply counts are checked every 10 seconds.